 Dungeon Crawl Stone Soup version 0.31-a0-1074-g0b22e4e0f1 (webtiles) character file.

Game seed: 3021907544738819327

11197 graki42 the Destroyer (level 11, -5/54 HPs)
             Began as a Deep Elf Conjurer on Nov 26, 2023.
             Was a Priest of Sif Muna.
             Hit by a javelin thrown by a minotaur (22 damage)
             ... in a Gauntlet.
             The game lasted 00:40:36 (10844 turns).

graki42 the Destroyer (Deep Elf Conjurer)          Turns: 10844, Time: 00:40:37

Health: -5/54      AC:  8    Str:  8    XL:     11   Next: 46%
Magic:  15/28      EV: 12    Int: 24    God:    Sif Muna [***...]
Gold:   734        SH:  0    Dex: 13    Spells: 22/33 levels left

rFire   . . .        k - +2 war axe (venom)
rCold   . . .        (no shield)
rNeg    . . .        a - +0 robe
rPois   .            (no helmet)
rElec   .            G - +2 cloak
rCorr   .            e - +2 pair of gloves
SInv    .            (no boots)
Will    +....        g - amulet of magic regeneration
Stlth   ++           x - ring of flight
HPRegen 0.29/turn    (no ring)
MPRegen 0.61/turn

%: no teleportation
@: flying
A: no striking features
a: Renounce Religion, Channel Magic, Forget Spell


You were in a Gauntlet.
You worshipped Sif Muna.
Sif Muna was most pleased with you.
You visited 1 branch of the dungeon, and saw 11 of its levels.
You also visited: Bailey and Gauntlet.

You collected 734 gold pieces.

Inventory:

Hand Weapons
 k - a +2 war axe of venom (weapon)
Armour
 a - a +0 robe (worn)
 d - the +2 cloak of Puenegh {Rampage Int+3}
   (You found it in a Gauntlet)

   Int+3:     It affects your intelligence (+3).
   Rampage:   It bestows one free step when moving towards enemies.
 e - a +2 pair of gloves (worn)
 u - a +0 pair of gloves
 G - a +2 cloak (worn)
Jewellery
 g - an amulet of magic regeneration (around neck)
 x - a ring of flight (left hand)
 M - an amulet of guardian spirit
Wands
 l - a wand of polymorph (18)
 D - a wand of light (6)
 K - a wand of charming (8)
 L - a wand of roots (2)
 P - a wand of flame (8)
Scrolls
 f - 6 scrolls of enchant armour
 h - 2 scrolls of amnesia {unknown}
 i - 3 scrolls of teleportation {unknown}
 o - 6 scrolls of summoning
 p - 2 scrolls of torment {unknown}
 q - 6 scrolls of enchant weapon
 r - a scroll of poison {unknown}
 v - a scroll of vulnerability
 y - 2 scrolls of noise {unknown}
 B - 2 scrolls of fear {unknown}
 E - 3 scrolls of immolation {unknown}
 F - 3 scrolls of fog {unknown}
 J - a scroll of brand weapon
 N - a scroll of acquirement {unknown}
 O - 2 scrolls of blinking {unknown}
Potions
 b - 2 potions of magic
 c - 4 potions of mutation
 j - 2 potions of invisibility {unknown}
 m - 3 potions of enlightenment
 n - 2 potions of cancellation
 s - a potion of haste
 t - a potion of brilliance
 w - 3 potions of curing {unknown}
 z - 2 potions of berserk rage
 A - 2 potions of might
 C - a potion of ambrosia {unknown}
 H - a potion of experience {unknown}
 I - a potion of resistance {unknown}


   Skills:
 - Level 3.0 Dodging
 - Level 3.0 Stealth
 + Level 11.5 Spellcasting
 + Level 12.8 Conjurations
 + Level 9.8 Hexes
 + Level 8.2 Translocations
 + Level 5.0 Invocations


You had 22 spell levels left.
You knew the following spells:

 Your Spells              Type           Power      Damage    Failure   Level
a - Magic Dart            Conj           100%       1d8       1%          1
b - Searing Ray           Conj           100%       2d8       1%          2
c - Fulminant Prism       Conj/Hex       31%        3d16      1%          4
d - Iskenderun's Mystic   Conj/Tloc      59%        2d12      1%          4

Your spell library contained the following spells:

 Spells                   Type           Power      Damage    Failure   Level
 Lesser Beckoning         Tloc           100%       N/A       1%          2
 Dazzling Flash           Conj/Hex       100%       N/A       1%          3
 Gell's Gravitas          Tloc           52%        N/A       1%          3
 Teleport Other           Tloc           52%        N/A       1%          3
 Tukima's Dance           Hex            57%        N/A       1%          3
 Dimensional Bullseye     Hex/Tloc       27%        N/A       1%          4
 Mephitic Cloud           Conj/Pois/Air  34%        N/A       2%          3
 Sting                    Tmut/Pois      52%        1d5       4%          1
 Poisonous Vapours        Pois/Air       26%        N/A       7%          2
 Freezing Cloud           Conj/Ice/Air   17%        6-21      22%         5
 Olgreb's Toxic Radiance  Pois           13%        N/A       41%         4


Dungeon Overview and Level Annotations

Branches:
Dungeon (11/15)            Temple (0/1) D:7            Lair (0/5) D:8
    Orc (0/2) D:11         Bailey (visited)         Gauntlet (1/1)

Altars:
Fedhas
Hepliaklqana
Kikubaaqudgha
Makhleb
Okawaru
Qazlal
Ru
Sif Muna
Uskayaw
Vehumet
Xom
Zin

Annotations:
D:8 3 runed translucent doors, t4s4d4r's ghost, novice DsEE Gauntlet 11 transporters


Message History

The minotaur hits you with the +1 scimitar of Sufficient Defence {holy, Str+3 Dex+5}!
The minotaur gores you!
* * * LOW HITPOINT WARNING * * *
The minotaur attacks as it pursues you! The minotaur closely misses you.
The minotaur misses you.
Your fulminant prism crackles loudly.
The minotaur throws a javelin.
The javelin barely misses you.
Your fulminant prism explodes!
The blast of energy engulfs the minotaur but does no damage.
The minotaur is lightly wounded.
Casting: Fulminant Prism (safe; 1% risk of failure)
Confirm with . or Enter, or press ? or * to list all spells.
You erupt in a blast of force!
The mystic blast hits the minotaur!
The minotaur is moderately wounded.
The minotaur is knocked back by the mystic blast.
Unknown command.
Casting: Iskenderun's Mystic Blast (dangerous; 1% risk of failure)
Confirm with . or Enter, or press ? or * to list all spells.
Aiming: Fulminant Prism (safe; 1% risk of failure)
Press: ? - help, Dir - move target You conjure a prism of explosive energy!
A fulminant prism comes into view.
The minotaur throws a javelin.
The javelin pierces through your fulminant prism!
The javelin barely misses you.
Your fulminant prism crackles loudly.
The minotaur hits your fulminant prism with the +1 scimitar of Sufficient Defence {holy, Str+3 Dex+5}.
Your fulminant prism explodes!
The blast of energy engulfs the minotaur!
The minotaur is moderately wounded.
Casting: Fulminant Prism (safe; 1% risk of failure)
Confirm with . or Enter, or press ? or * to list all spells.
Aiming: Fulminant Prism (safe; 1% risk of failure)
Press: ? - help, Dir - move target You conjure a prism of explosive energy!
A fulminant prism comes into view.
The minotaur throws a javelin.
The javelin pierces through your fulminant prism.
The javelin pierces through you!!
You die...

#.##.# #. ..#.# . # #.#.# .# .#
###.##.#'###.##.#
#...............#
.##.##.##.##.### .##.##.##.##.###
#......H.*......#
##.##.##.##@##.##
###.##.##.##.##.###
#§...............≈#
####8§.©.©.©.©.©.©..8#### ### ##
#8##≈...............≈##8# #8# #8
#################################
............≈∩≈..................
.................................
#.###########.###########.#######


You could see a minotaur (ally target) and a friendly fulminant prism.

Vanquished Creatures
  2 two-headed ogres
  An occultist (Gauntlet)
  An arcanist (Gauntlet)
  Pikel (D:9)
  An orc knight (Bailey)
  An oklob plant (D:6)
  A smoke demon (Gauntlet)
  Maggie (D:6)
  An unseen horror (D:8)
  A red devil (Gauntlet)
  A troll (D:10)
  A queen bee (Gauntlet)
  Prince Ribbit (D:6)
  4 yaks (D:9)
  A vampire (D:11)
  2 wyverns
  Grum (D:9)
  Menkaure (D:4)
  An acid dragon (D:6)
  2 water moccasins
  10 orc warriors (Bailey)
  A black bear (D:7)
  A sky beast (D:7)
  2 ogres
  4 wolves (D:9)
  2 centaurs
  3 bullfrogs
  Blork the orc (D:6)
  3 kobold brigands
  4 scorpions
  15 wights
  10 killer bees
  3 howler monkeys
  4 crimson imps (Gauntlet)
  An orc priest (D:6)
  A hound (D:4)
  Natasha (thrice) (D:4)
  3 iguanas
  3 orc wizards
  7 gnolls
  5 adders
  3 shadow imps
  5 white imps
  2 ufetubi (D:6)
  A worm (D:5)
  3 dart slugs
  38 orcs
  5 endoplasms
  2 giant cockroaches (D:1)
  7 goblins
  4 hobgoblins
  10 jackals
  19 kobolds
  3 quokkas (D:1)
  2 ball pythons (D:1)
  A bat (D:1)
  5 frilled lizards
  A rat (D:2)
223 creatures vanquished.

Vanquished Creatures (others)
  105 fulminant prisms
105 creatures vanquished.

Grand Total: 328 creatures vanquished

Notes
Turn   | Place    | Note
-------+----------+-------------------------------------------
     0 | D:1      | graki42 the Deep Elf Conjurer began the quest for the Orb.
     0 | D:1      | Reached XP level 1. HP: 10/10 MP: 6/6
   277 | D:1      | Reached XP level 2. HP: 15/15 MP: 6/8
   280 | D:1      | Learned a level 2 spell: Searing Ray
  1072 | D:2      | Reached XP level 3. HP: 19/19 MP: 6/9
  1444 | D:2      | Reached skill level 5 in Conjurations
  1714 | D:3      | Found a shimmering altar of Xom.
  2144 | D:4      | Noticed Natasha
  2146 | D:4      | Reached XP level 4. HP: 24/24 MP: 8/11
  2153 | D:4      | Killed Natasha
  2290 | D:4      | Noticed Natasha
  2302 | D:4      | Killed Natasha
  2303 | D:4      | Reached skill level 6 in Conjurations
  2303 | D:4      | Reached XP level 5. HP: 28/28 MP: 13/13
  2303 | D:4      | Noticed Natasha
  2314 | D:4      | Killed Natasha
  2355 | D:4      | Reached skill level 5 in Spellcasting
  2391 | D:4      | Noticed an ogre
  2393 | D:4      | Noticed Menkaure
  2396 | D:4      | Killed an ogre
  2397 | D:4      | Reached skill level 7 in Conjurations
  2397 | D:4      | Reached XP level 6. HP: 32/32 MP: 12/16
  2400 | D:4      | Killed Menkaure
  2418 | D:4      | Learned a level 4 spell: Iskenderun's Mystic Blast
  2423 | D:4      | Learned a level 4 spell: Fulminant Prism
  2507 | D:4      | Found a hazy altar of Hepliaklqana.
  2895 | D:4      | Reached skill level 1 in Hexes
  2895 | D:4      | Reached XP level 7. HP: 22/36 MP: 6/18
  2960 | D:5      | Entered Level 5 of the Dungeon
  3314 | D:5      | Reached skill level 1 in Translocations
  3406 | D:5      | Reached skill level 8 in Conjurations
  3761 | D:5      | Found a burning altar of Makhleb.
  3766 | D:5      | Noticed a balrug
  3767 | D:5      | Found a glowing silver altar of Zin.
  3767 | D:5      | Noticed an angel
  4362 | D:6      | Reached XP level 8. HP: 7/41 MP: 11/20
  4502 | D:6      | Found a hide-covered altar of Uskayaw.
  4508 | D:6      | Noticed Maggie
  4520 | D:6      | Killed Maggie
  4521 | D:6      | Reached skill level 9 in Conjurations
  4579 | D:6      | Found a shimmering blue altar of Sif Muna.
  4587 | D:6      | Became a worshipper of Sif Muna the Loreminder
  4721 | D:6      | Found a sacrificial altar of Ru.
  4785 | D:6      | Noticed Blork the orc
  4792 | D:6      | Killed Blork the orc
  4852 | D:6      | Found an ancient bone altar of Kikubaaqudgha.
  4987 | D:6      | Noticed Prince Ribbit
  4995 | D:6      | Killed Prince Ribbit
  4996 | D:6      | Reached skill level 5 in Hexes
  5216 | D:6      | Reached XP level 9. HP: 17/45 MP: 15/23
  5380 | D:6      | Found a blossoming altar of Fedhas.
  5395 | D:6      | Noticed an oklob plant
  6564 | D:6      | Killed an oklob plant
  6565 | D:6      | Reached skill level 10 in Conjurations
  6714 | D:7      | Reached skill level 5 in Translocations
  6897 | D:7      | Found a staircase to the Ecumenical Temple.
  6921 | D:7      | Reached skill level 11 in Conjurations
  7150 | D:7      | Found a radiant altar of Vehumet.
  7290 | D:8      | Found a staircase to the Lair.
  7343 | D:8      | Found a flagged portal.
  7362 | Bailey   | Entered a bailey
  7379 | Bailey   | Reached * piety under Sif Muna
  7577 | Bailey   | Noticed an orc knight
  7588 | Bailey   | Killed an orc knight
  7589 | Bailey   | Reached XP level 10. HP: 36/50 MP: 3/25
  7897 | D:8      | Found Tyhew's Armour Shoppe.
  7902 | D:8      | Identified the +0 ring mail "Jonn" {Rampage rElec rN+
                  | Int+2}
  7956 | D:8      | Found a runed translucent gate.
  7956 | D:8      | Found a runed translucent gate.
  7956 | D:8      | Found a runed translucent gate.
  7957 | D:8      | Noticed t4s4d4r's ghost (novice DsEE)
  8373 | D:9      | Found an iron altar of Okawaru.
  8421 | D:9      | Reached skill level 1 in Invocations
  8453 | D:9      | Reached skill level 10 in Spellcasting
  8591 | D:9      | Reached ** piety under Sif Muna
  8726 | D:9      | Noticed a two-headed ogre
  8735 | D:9      | Killed a two-headed ogre
  8736 | D:9      | Reached skill level 12 in Conjurations
  8797 | D:9      | Noticed Pikel
  8805 | D:9      | Killed Pikel
  9113 | D:9      | Noticed Grum
  9117 | D:9      | Killed Grum
  9295 | D:10     | Entered Level 10 of the Dungeon
  9303 | D:10     | Reached XP level 11. HP: 54/54 MP: 23/27
  9313 | D:10     | Noticed a two-headed ogre
  9624 | D:10     | Killed a two-headed ogre
  9687 | D:10     | Found a stormy altar of Qazlal.
 10372 | D:11     | Found a gate leading to a gauntlet.
 10386 | Gauntlet | Entered a Gauntlet
 10386 | Gauntlet | Found a transporter.
 10424 | Gauntlet | Found a transporter.
 10429 | Gauntlet | Found a transporter.
 10433 | Gauntlet | Noticed a glowing orange brain
 10434 | Gauntlet | Found a transporter.
 10442 | Gauntlet | Noticed a brown ugly thing
 10448 | Gauntlet | Noticed a purple ugly thing
 10450 | Gauntlet | Noticed a glowing orange brain
 10451 | Gauntlet | Found a transporter.
 10469 | Gauntlet | Found a transporter.
 10481 | Gauntlet | Found a transporter.
 10481 | Gauntlet | Noticed a wretched star
 10493 | Gauntlet | Found a transporter.
 10505 | Gauntlet | Found a transporter.
 10517 | Gauntlet | Found a transporter.
 10517 | Gauntlet | Noticed an arcanist
 10523 | Gauntlet | Noticed an occultist
 10536 | Gauntlet | Found a transporter.
 10551 | Gauntlet | Found a transporter.
 10553 | Gauntlet | Found a transporter.
 10632 | Gauntlet | Found a transporter.
 10633 | Gauntlet | Found a transporter.
 10633 | Gauntlet | Found a transporter.
 10645 | Gauntlet | Found a transporter.
 10654 | Gauntlet | Reached *** piety under Sif Muna
 10745 | Gauntlet | Killed an occultist
 10748 | Gauntlet | Killed an arcanist
 10749 | Gauntlet | Reached skill level 5 in Invocations
 10807 | Gauntlet | Identified the +2 cloak of Puenegh {Rampage Int+3}
 10832 | Gauntlet | Identified the +1 scimitar of Sufficient Defence {holy,
                  | Str+3 Dex+5}
 10832 | Gauntlet | Noticed a minotaur
 10844 | Gauntlet | Hit by a javelin thrown by a minotaur

Illustrated notes

Levels and vault maps discovered:
D:1:      elethiomel_arrival_infinity_welcomes_careful_drivers,
          layout_loops_ring, fountainhead
D:2:      layout_basic, kennysheep_generic_room_13
D:3:      layout_rooms, xom_teletrap_fun, serial_glass, glass_columns_b,
          glass_columns_c, chequers_serial_rivers_micro_c
D:4:      layout_gridville, nzn_hepliaklqana_mist_gate, uniq_menkaure,
          uniq_natasha
D:5:      layout_layer_cave, grunt_temple_overflow_order_and_chaos_2
D:6:      layout_basic, mainiacjoe_overflow_cross_hatched, tgw_fedhas,
          mainiacjoe_overflow_alcove_1, mainiacjoe_overflow_catch_the_wave,
          minmay_misc_feat_roman, minivault_14, uniq_maggie, uniq_blork_the_orc,
          uniq_prince_ribbit1
D:7:      layout_rooms, nicolae_vehumet_radiance, minmay_temple_entry_junction_2
D:8:      layout_loops_ring, lair_entry_dummy, enter_bailey_2, serial_shops,
          nicolae_shop_advertising_works [nicolae_subvault_shop_adworks],
          gammafunk_ghost_nasty_kobolds
D:9:      layout_loops_cross, okawaru_gym_becter, uniq_pikel, uniq_grum
D:10:     layout_basic, general_overflow_altar, serial_curves, eino_curves_03,
          eino_curves_02
D:11:     layout_stronghold, minmay_orc_entry_temple_small,
          gauntlet_entry_generic, uniq_amaemon
Gauntlet: gammafunk_gauntlet_one_two_three [nicolae_gauntlet_arena_x,
          gammafunk_gauntlet_arena_spirals,
          gammafunk_gauntlet_arena_split_diamond, nicolae_gauntlet_swirl,
          gammafunk_gauntlet_arena_chambers, gammafunk_gauntlet_arena_crates,
          nicolae_gauntlet_arena_t_cross, gammafunk_gauntlet_arena_corners,
          gammafunk_gauntlet_arena_split_x, gauntlet_exit_green]

Skill      XL: |  1  2  3  4  5  6  7  8  9 10 11 |
---------------+----------------------------------+-----
Stealth        | 3 |  3.0
Dodging        | 3 |  3.0
Conjurations   | 5 6 7 8 9 11 12 | 12.8
Spellcasting   | 4 5 6 8 9 10 11 | 11.5
Hexes          | 1 3 5 7 9 |  9.8
Translocations | 2 4 6 7 8 |  8.2
Invocations    | 3 5 |  5.0

Action                     |  1- 3 |  4- 6 |  7- 9 | 10-12 || total
---------------------------+-------+-------+-------+-------++-------
  Melee: War axe           |     1 |    18 |    19 |     5 ||    43
         Unarmed           |       |    10 |       |       ||    10
         Punch             |       |     1 |       |       ||     1
   Cast: Magic Dart        |    59 |     2 |    49 |    13 ||   123
         Searing Ray       |     5 |    11 |    29 |    15 ||    60
         Fulminant Prism   |       |     1 |    58 |    47 ||   106
         Iskenderun's Myst |       |       |    12 |    30 ||    42
    Use: Scroll            |       |       |     7 |     3 ||    10
   Stab: Sleeping          |     1 |     3 |     1 |       ||     5
         Confused          |       |     1 |       |       ||     1
 Armour: Robe              |     3 |    23 |    42 |    38 ||   106
  Dodge: Dodged            |     3 |    22 |    33 |    30 ||    88

Table legend: (Time is in decaauts)
 A = Elapsed time spent in this place.
 B = Non-inter-level travel time spent in this place.
 C = Inter-level travel time spent in this place.
 D = Time resting spent in this place.
 E = Time spent auto-exploring this place.
 F = Levels seen in this place.
 G = Mean time per level.
                   A        B        C        D        E       F      G
               +--------+--------+--------+--------+--------+-----+--------+
         Total |  10868 |  10546 |    322 |   1504 |   7363 |  13 |  836.0 |
       Dungeon |  10046 |   9724 |    322 |   1265 |   7214 |  11 |  913.3 |
        Bailey |    363 |    363 |      0 |    108 |     93 |   1 |  363.0 |
      Gauntlet |    457 |    457 |      0 |    131 |     56 |   1 |  457.0 |
               +--------+--------+--------+--------+--------+-----+--------+

Top non-repeatable levels by time:
     D:6: 2246 daAuts
     D:5: 1500 daAuts
     D:9: 1010 daAuts
     D:1: 997 daAuts
    D:10: 980 daAuts
     D:4: 833 daAuts
     D:8: 785 daAuts
     D:2: 683 daAuts
     D:7: 526 daAuts
Gauntlet: 457 daAuts
     D:3: 454 daAuts
  Bailey: 363 daAuts
    D:11: 28 daAuts
